 Dungeon Crawl Stone Soup version 0.22-a0-305-gd21a89c538 (webtiles) character file.

2872 Oravi the Transmogrifier (level 9, -8/62 HPs)
             Began as a Merfolk Transmuter on Apr 1, 2018.
             Was a Follower of Qazlal.
             Splashed by a crimson imp's acid (12 damage)
             ... on level 7 of the Dungeon.
             The game lasted 00:39:35 (6690 turns).

Oravi the Transmogrifier (Merfolk Transmuter)       Turns: 6690, Time: 00:39:36

Health: -8/62      AC:  2    Str: 19    XL:     9   Next: 76%
Magic:  5/16       EV: 25    Int: 18    God:    Qazlal [*.....]
Gold:   319        SH:  2    Dex: 19    Spells: 8/18 levels left

rFire    . . .     SeeInvis .     - Unarmed
rCold    . . .     Gourm    .   (shield currently unavailable)
rNeg     . . .     Faith    .   (armour currently unavailable)
rPois    .         Spirit   .   (helmet currently unavailable)
rElec    .         Reflect  .   (cloak currently unavailable)
rCorr    .         Harm     .   (gloves currently unavailable)
MR       .....                  (boots currently unavailable)
Stlth    ++........             j - amulet of regeneration
HPRegen  0.60/turn              m - +6 ring of intelligence
MPRegen  0.15/turn              n - ring of poison resistance

@: mighty, spider-form, hasted, very quick
A: tiny, (change form in water), (swift swim), (stealthy swim)
a: End Transformation, Renounce Religion


You were on level 7 of the Dungeon.
You worshipped Qazlal.
Qazlal was aware of your devotion.
You were very hungry.
You were a venomous arachnid creature.
You visited 2 branches of the dungeon, and saw 8 of its levels.

You collected 319 gold pieces.

Inventory:

Hand Weapons
 A - a +1 trident
Missiles
 a - 45 arrows
Armour
 b - a +0 robe (melded)
 o - a +0 robe of fire resistance
 p - a +1 pair of boots of running (melded)
 s - a +1 cloak of invisibility (melded)
 v - a +0 leather armour of fire resistance
 y - a +0 pair of gloves (melded)
Jewellery
 j - an amulet of regeneration (around neck)
 m - a +6 ring of intelligence (left front leg)
 n - a ring of poison resistance (right front leg)
Wands
 w - a wand of iceblast (4)
Scrolls
 e - 5 scrolls of remove curse
 f - 3 scrolls of teleportation
 g - 3 scrolls of identify
 i - 3 scrolls of enchant weapon
 l - 2 scrolls of magic mapping {unknown}
 q - 2 scrolls of random uselessness
 r - 2 scrolls of enchant armour {unknown}
 x - a scroll of blinking {unknown}
 C - a scroll of fog {unknown}
Potions
 h - a potion of lignification
 z - a potion of resistance
 B - a potion of ambrosia
Comestibles
 d - 11 rations


   Skills:
 + Level 2.5 Fighting
 + Level 5.7 Dodging
 + Level 8.4 Unarmed Combat
 + Level 5.0 Spellcasting
 * Level 9.6 Transmutations
 * Level 5.4 Poison Magic


You had 8 spell levels left.
You knew the following spells:

 Your Spells              Type           Power        Failure   Level  Hunger
a - Beastly Appendage     Tmut           #####.       2%          1    None
b - Sticks to Snakes      Tmut           #####...     3%          2    #......
c - Spider Form           Tmut/Pois      ####......   8%          3    ##.....
d - Ice Form              Ice/Tmut       ###.....     38%         4    ####...


Dungeon Overview and Level Annotations

Branches:
Dungeon (7/15)             Temple (1/1) D:4

Altars:
Ashenzari
Cheibriados
Dithmenos
Elyvilon
Fedhas
Gozag
Hepliaklqana
Kikubaaqudgha
Nemelex Xobeh
Okawaru
Qazlal
Sif Muna
Trog
Uskayaw
Wu Jian
Xom
Yredelemnul
Zin
The Shining One

Shops:
D:6 *


Innate Abilities, Weirdness & Mutations

((You revert to your normal form in water.))
((You are very nimble and swift while swimming.))
((You are very stealthy in the water. (Stealth+)))
((You are partially covered in molten scales. (AC +2)))
((You are partially covered in yellow scales. (AC +2)))


Message History

Your Unarmed Combat skill increases to level 8!
Your Spellcasting skill increases to level 5!
Your Transmutations skill increases to level 9!
You maul the orc!!
You kill the orc!
Qazlal accepts your kill.
A crimson imp comes into view.
You swap places.
Your adder is engulfed in freezing vapours.
Your adder seems to slow down.
You kill your adder!
You swap places.
You see here a longbow.
Your adder withers and dies!
Things that are here:
a leather armour; an orc corpse The crimson imp zaps a wand.
The bolt of acid hits you!
* * * LOW HITPOINT WARNING * * *
You are splashed with acid!
The acid burns!
You die...

### .. 5 .# .#
#####.##.#..
#####..Ss..5...#
.......S.....###
#####..S...###
.#####...ยง....#
............#.###.
..................
#####.......#....#
.........<....##
.####...........#


You could see a crimson imp and 3 friendly ball pythons.

Vanquished Creatures
  The ghost of dricus the Basher, a journeyman DsAK of Lugonu (D:7)
  A slime creature (D:6)
  Duvessa (D:5)
  An ice beast (D:5)
  A phantom (D:5)
  A sky beast (D:5)
  An ogre (D:6)
  A centaur (D:5)
  3 big kobolds
  2 bullfrogs (D:6)
  Dowan (D:5)
  A scorpion (D:5)
  A crimson imp (D:6)
  3 jellies (D:6)
  2 howler monkeys (D:6)
  A hound (D:6)
  4 orc wizards
  A centaur skeleton (D:5)
  2 orc priests
  Crazy Yiuf (D:3)
  A bullfrog skeleton (D:5)
  2 iguanas
  Terence (D:3)
  2 worker ants
  A killer bee zombie (D:6)
  6 adders
  6 oozes (D:6)
  An adder zombie (D:5)
  2 worms
  5 leopard geckos
  9 orcs
  2 ball pythons
  5 giant cockroaches
  9 goblins
  10 hobgoblins
  12 jackals
  2 quokkas (D:2)
  9 bats
  5 frilled lizards
  A jackal skeleton (D:4)
  19 kobolds
  7 rats
147 creatures vanquished.

Vanquished Creatures (collateral kills)
  A big kobold (D:6)
  A bullfrog (D:6)
  A quasit (D:6)
  An orc (D:6)
  A kobold (D:6)
5 creatures vanquished.

Vanquished Creatures (others)
  2 fungi (D:6)
  9 toadstools (D:6)
11 creatures vanquished.

Grand Total: 163 creatures vanquished

Notes
Turn   | Place    | Note
-------+----------+-------------------------------------------
     0 | D:1      | Oravi the Merfolk Transmuter began the quest for the Orb.
     0 | D:1      | Reached XP level 1. HP: 15/15 MP: 3/3
    56 | D:1      | Reached skill level 3 in Transmutations
   453 | D:1      | Reached XP level 2. HP: 21/21 MP: 3/5
   457 | D:1      | Learned a level 2 spell: Sticks to Snakes
   806 | D:1      | Reached XP level 3. HP: 25/26 MP: 4/6
   811 | D:1      | Learned a level 3 spell: Spider Form
  1535 | D:2      | Reached skill level 4 in Transmutations
  1535 | D:2      | Reached XP level 4. HP: 23/32 MP: 3/7
  1914 | D:2      | Identified a +1 pair of boots of running (You found it on level 2 of the Dungeon)
  2101 | D:2      | Found an opulent altar of Gozag.
  2380 | D:3      | Noticed Terence
  2392 | D:3      | Killed Terence
  2392 | D:3      | Reached XP level 5. HP: 37/37 MP: 5/8
  2437 | D:3      | Reached skill level 1 in Poison Magic
  2576 | D:3      | Found a faded altar of an unknown god.
  2711 | D:3      | Found a runed door.
  3140 | D:3      | Reached XP level 6. HP: 34/43 MP: 5/10
  3507 | D:3      | Noticed Crazy Yiuf
  3516 | D:3      | Killed Crazy Yiuf
  3516 | D:3      | Reached skill level 5 in Unarmed Combat
  3516 | D:3      | Reached skill level 5 in Transmutations
  3785 | D:4      | Found a staircase to the Ecumenical Temple.
  3833 | Temple   | Entered the Ecumenical Temple
  3922 | Temple   | Became a worshipper of Qazlal Stormbringer
  4321 | D:5      | Entered Level 5 of the Dungeon
  4327 | D:5      | Learned a level 4 spell: Ice Form
  4336 | D:5      | Noticed a phantom
  4369 | D:5      | Killed a phantom
  4369 | D:5      | Reached XP level 7. HP: 38/48 MP: 11/11
  4749 | D:5      | Reached skill level 6 in Transmutations
  4963 | D:5      | Noticed Dowan
  4965 | D:5      | Noticed Duvessa
  4978 | D:5      | Killed Dowan
  4978 | D:5      | Reached XP level 8. HP: 54/56 MP: 10/13
  4988 | D:5      | Killed Duvessa
  5175 | D:5      | Found a shadowy altar of Dithmenos.
  5175 | D:5      | Found a shimmering altar of Xom.
  5176 | D:5      | Found a snail-covered altar of Cheibriados.
  5295 | D:5      | Reached skill level 5 in Dodging
  5626 | D:6      | Gained mutation: You are partially covered in molten scales. (AC +2) [potion of mutation]
  5626 | D:6      | Gained mutation: You are partially covered in yellow scales. (AC +2) [potion of mutation]
  5696 | D:6      | Reached * piety under Qazlal
  5697 | D:6      | Found a sparkling altar of Nemelex Xobeh.
  5832 | D:6      | Reached skill level 7 in Transmutations
  6111 | D:6      | Found Raneygea's Assorted Antiques.
  6289 | D:6      | Reached skill level 8 in Transmutations
  6289 | D:6      | Reached XP level 9. HP: 60/61 MP: 5/15
  6442 | D:6      | Killed a large slime creature
  6442 | D:6      | Reached skill level 5 in Poison Magic
  6650 | D:7      | Noticed dricus's ghost (journeyman DsAK)
  6682 | D:7      | Killed dricus's ghost
  6682 | D:7      | Reached skill level 5 in Spellcasting
  6682 | D:7      | Reached skill level 9 in Transmutations
  6690 | D:7      | Splashed by a crimson imp's acid

Vault maps used:
D:1:      lightli_arrival_chessboard, minmay_split_cup_small
D:2:      grunt_gozag_breadcrumbs
D:3:      chequers_ecumenical_altar_simple_redux, kennysheep_boxes,
          uniq_terence, uniq_crazy_yiuf_cottage
D:4:      cheibrodos_thug_alley, minmay_temple_entry_trees, first_ration
D:5:      gammafunk_temple_overflow_forgotten,
          hangedman_abyss_or_decor_lesser_grid, uniq_duvessa
D:6:      cheibrodos_fertilizer, basic_altar, serial_shops, nicolae_shop_crystal
Temple:   nicolae_temple_elliptical

Skill      XL: |  1  2  3  4  5  6  7  8  9 |
---------------+----------------------------+-----
Transmutations | 3 4 5 6 8 9 |  9.6
Dodging        | 3 4 5 |  5.7
Unarmed Combat | 4 5 6 7 8 |  8.4
Poison Magic   | 1 2 3 4 5 |  5.4
Spellcasting   | 3 4 5 |  5.0
Fighting       | 2 |  2.5

Action                   |  1- 3 |  4- 6 |  7- 9 || total
-------------------------+-------+-------+-------++-------
Melee: Unarmed           |   144 |   208 |   225 ||   577
       Headbutt          |    10 |     7 |     6 ||    23
       Punch             |     1 |       |     2 ||     3
 Cast: Beastly Appendage |    15 |    15 |     9 ||    39
       Spider Form       |     3 |    12 |    16 ||    31
       Sticks to Snakes  |       |       |    21 ||    21
  Use: Potion            |       |     1 |    10 ||    11
       Scroll            |       |       |     7 ||     7
 Stab: Sleeping          |       |     4 |       ||     4
       Distracted        |       |       |     5 ||     5
  Eat: Chunk             |     3 |     6 |     5 ||    14
       Ration            |       |     1 |     1 ||     2
Armor: Robe              |    33 |    29 |    18 ||    80
       Skin              |       |     4 |    11 ||    15
Dodge: Dodged            |   130 |   130 |   126 ||   386
Block: Other             |       |       |     4 ||     4

Table legend:
 A = Spawn XP
 B = Non-spawn XP
 C = Spawn XP percentage of total XP
 D = Spawn monster count
 E = Non-spawn monster count
 F = Spawn count percentage of total count
 G = Total turns spent on level
                    A         B        C        D         E        F      G
               +---------+---------+-------+---------+---------+-------+---------
         Total |       0 |    4103 |   0.0 |       0 |     152 |   0.0 |  6690
               +---------+---------+-------+---------+---------+-------+---------
           D:1 |       0 |      37 |   0.0 |       0 |      22 |   0.0 |  1102
           D:2 |       0 |      88 |   0.0 |       0 |      28 |   0.0 |  1124
           D:3 |       0 |     264 |   0.0 |       0 |      31 |   0.0 |  1335
           D:4 |       0 |     167 |   0.0 |       0 |      17 |   0.0 |   612
           D:5 |       0 |     885 |   0.0 |       0 |      14 |   0.0 |  1230
           D:6 |       0 |    1744 |   0.0 |       0 |      38 |   0.0 |  1089
           D:7 |       0 |     918 |   0.0 |       0 |       2 |   0.0 |    50
               +---------+---------+-------+---------+---------+-------+---------
